 Dungeon Crawl Stone Soup version 0.17.1-2-g5865329 (webtiles) character file.

214834 FortyThree the Unseen (level 18, 0/153 HPs)
             Began as a Vampire Enchanter on Jan 26, 2016.
             Was the Champion of Ashenzari.
             Killed by the raging water
             ... invoked by a water nymph
              (41 damage)
             ... on level 3 of the Shoals on Jan 28, 2016.
             The game lasted 04:02:08 (62154 turns).

FortyThree the Unseen (Vampire Enchanter)          Turns: 62154, Time: 04:02:09

Health: 0/153      AC:  0    Str:  2    XL:     18   Next: 69%
Magic:  2/30       EV: 41    Int: 20    God:    Ashenzari [******]
Gold:   4015       SH:  0    Dex: 25    Spells: 8 memorised, 9 levels left

rFire  . . .     SeeInvis +     (weapon currently unavailable)
rCold  + + .     Clarity  +     (armour currently unavailable)
rNeg   + + +     SustAt   .     (shield currently unavailable)
rPois  +         Gourm    .     (helmet currently unavailable)
rElec  .         Spirit   .     (cloak currently unavailable)
rCorr  .         Warding  .     (gloves currently unavailable)
rMut   .         Stasis   .     (boots currently unavailable)
MR     +....                    (no amulet)
Stlth  ++++++++++               (ring currently unavailable)
                                (ring currently unavailable)

@: bat-form, flying, regenerating slowly, very quick, somewhat resistant to
hostile enchantments, uncannily stealthy
A: (fangs 0), see invisible, (unbreathing)
a: End Transformation, Scrying, Transfer Knowledge, Renounce Religion


You were on level 3 of the Shoals.
You worshipped Ashenzari.
Ashenzari was exalted by your worship.
You were near bloodless.
You were in vampire-bat-form.
You visited 5 branches of the dungeon, and saw 34 of its levels.
You also visited: Sewer and Ice Cave.

You collected 4891 gold pieces.
You spent 876 gold pieces at shops.

Inventory:

Hand Weapons
 r - a cursed +3 dagger of speed (melded)
Missiles
 Q - 2 throwing nets (quivered)
Armour
 k - a cursed +1 cloak of magic resistance (melded)
 y - a cursed +6 mottled dragon armour (melded)
 G - a cursed +0 helmet of intelligence (melded)
 X - a cursed +2 pair of gloves (melded)
Jewellery
 e - a +2 ring of evasion
 p - a cursed +4 ring of intelligence (melded)
 L - the cursed ring "Qeci Laq" (melded) {rF++ MR+}
   (You bought it in a shop on level 4 of the Orcish Mines)

   [ring of protection from magic]

   It greatly protects you from fire.
   It affects your resistance to hostile enchantments.
   It has a curse placed upon it.
Wands
 a - a wand of hasting (2)
 E - a wand of disintegration (11)
 I - a wand of cold (1)
 J - a wand of draining (4)
 O - a wand of digging (7)
 R - a wand of fire (5)
 W - a wand of lightning (12)
Scrolls
 f - 9 scrolls of teleportation
 g - 6 scrolls of identify
 j - 12 scrolls of curse armour
 l - 2 scrolls of blinking
 o - 9 scrolls of curse weapon
 q - a scroll of magic mapping
 s - 6 scrolls of fog
 v - 2 scrolls of amnesia
 w - 8 scrolls of recharging
 A - a scroll of brand weapon
 H - 2 scrolls of enchant weapon
 S - 6 scrolls of remove curse
 V - 3 scrolls of fear
Potions
 h - 18 potions of curing
 i - 3 potions of resistance
 m - 8 potions of might
 n - 4 potions of agility
 t - 2 potions of berserk rage
 u - a potion of cancellation
 x - 9 potions of flight
 z - 3 potions of haste
 B - 3 potions of brilliance
 C - a potion of lignification {unknown}
 F - a potion of heal wounds
 P - a potion of magic
Books
 c - a book of Maledictions

   Spells                             Type                      Level
   a - Corona                         Hexes                        1
   b - Ensorcelled Hibernation        Hexes/Ice                    2
   c - Confuse                        Hexes                        3
   d - Tukima's Dance                 Hexes                        3
   e - Dazzling Spray                 Conjuration/Hexes            3
 d - a book of Minor Magic

   Spells                             Type                      Level
   a - Magic Dart                     Conjuration                  1
   b - Blink                          Translocation                2
   c - Call Imp                       Summoning                    2
   d - Repel Missiles                 Charms/Air                   2
   e - Slow                           Hexes                        2
   f - Conjure Flame                  Conjuration/Fire             3
   g - Mephitic Cloud                 Conjuration/Poison/Air       3
 D - a book of the Earth

   Spells                             Type                      Level
   a - Leda's Liquefaction            Hexes/Earth                  4
   b - Bolt of Magma                  Conjuration/Fire/Earth       5
   c - Statue Form                    Transmutation/Earth          6
   d - Iron Shot                      Conjuration/Earth            6
   e - Shatter                        Earth                        9
 K - the Papyrus of Confrontation and Malediction
   (You acquired it on level 1 of the Lair of Beasts)

   Spells                             Type                      Level
   a - Flame Tongue                   Conjuration/Fire             1
   b - Throw Flame                    Conjuration/Fire             2
   c - Gell's Gravitas                Hexes/Translocation          3
   d - Sticky Flame                   Conjuration/Fire             4
   e - Cause Fear                     Hexes                        4
   f - Summon Mana Viper              Hexes/Summoning              5
 M - a book of Summonings

   Spells                             Type                      Level
   a - Recall                         Summoning/Translocation      3
   b - Aura of Abjuration             Summoning                    5
   c - Shadow Creatures               Summoning                    5
   d - Summon Demon                   Summoning                    5
   e - Summon Forest                  Summoning/Translocation      5
   f - Summon Mana Viper              Hexes/Summoning              5
 N - a book of Air

   Spells                             Type                      Level
   a - Shock                          Conjuration/Air              1
   b - Swiftness                      Charms/Air                   2
   c - Repel Missiles                 Charms/Air                   2
   d - Static Discharge               Conjuration/Air              3
   e - Lightning Bolt                 Conjuration/Air              5
 T - a book of Geomancy

   Spells                             Type                      Level
   a - Sandblast                      Earth                        1
   b - Stoneskin                      Transmutation/Earth          2
   c - Passwall                       Transmutation/Earth          3
   d - Stone Arrow                    Conjuration/Earth            3
   e - Petrify                        Transmutation/Earth          4
   f - Lee's Rapid Deconstruction     Earth                        5
 Y - a book of Callings

   Spells                             Type                      Level
   a - Summon Small Mammal            Summoning                    1
   b - Call Imp                       Summoning                    2
   c - Call Canine Familiar           Summoning                    3
   d - Summon Guardian Golem          Hexes/Summoning              3
   e - Summon Lightning Spire         Summoning/Air                4
   f - Summon Ice Beast               Ice/Summoning                4
 Z - Biocisch's Catalogue of Fetching Arcane Weapons
   (You acquired it on level 2 of the Snake Pit)

   Spells                             Type                      Level
   a - Fulminant Prism                Conjuration/Hexes            4
   b - Invisibility                   Hexes                        6
   c - Spellforged Servitor           Conjuration/Summoning        7
Miscellaneous
 b - a phial of floods


   Skills:
 + Level 16.6 Fighting
 - Level 5.3(9.8) Short Blades
 + Level 14.4 Armour
 - Level 15.1(17.6) Dodging
 - Level 19.8(22.0) Stealth
 - Level 8.7 Spellcasting
 - Level 2.0(4.2) Conjurations
 - Level 12.0(14.7) Hexes
 - Level 2.0(4.3) Summonings
 - Level 2.6(5.1) Ice Magic


You had 9 spell levels left.
You knew the following spells:

 Your Spells              Type           Power        Failure   Level  Hunger
a - Corona                Hex            ######.      1%          1    None
b - Ensorcelled Hibernat  Hex/Ice        #####.       1%          2    None
c - Confuse               Hex            ######..     1%          3    None
d - Tukima's Dance        Hex            ######..     1%          3    None
e - Dazzling Spray        Conj/Hex       #####...     1%          3    None
f - Summon Mana Viper     Hex/Summ       #####...     6%          5    #####..
g - Invisibility          Hex            ######..     3%          6    ######.
h - Repel Missiles        Chrm/Air       ##....       12%         2    None


Dungeon Overview and Level Annotations

Branches:
Dungeon (15/15)            Temple (0/1) D:6            Lair (8/8) D:8
 Shoals (3/4) Lair:6        Snake (4/4) Lair:5        Slime (0/6) Lair:7
    Orc (4/4) D:10            Elf (0/3) Orc:3        Vaults (0/5) D:13
 Depths (0/5) D:15

Altars:
Ashenzari
Elyvilon
Makhleb
Nemelex Xobeh
Qazlal
Ru
Sif Muna
Yredelemnul
Zin
The Shining One
Beogh

Shops:
D:15 (   Orc:4 *(=[   Shoals:3 }

Portals:
Hell: Lair:8

Annotations:
Shoals:1 WereVolvo's ghost, veteran HOWn
Shoals:3 Uhlv's ghost, adept MiBe


Innate Abilities, Weirdness & Mutations

You heal slowly.
((You have razor-sharp teeth.))
You have supernaturally acute eyesight.
((You can survive without breathing.))


Message History

The siren chants a haunting song.
You are unaffected.
You turn into a vampire bat.
Your cursed +3 dagger of speed melds into your body.
Your cursed +1 cloak of magic resistance melds into your body.
Your cursed +0 helmet of intelligence melds into your body.
Your cursed +2 pair of gloves melds into your body.
Your cursed +6 mottled dragon armour melds into your body.
The cursed ring "Qeci Laq" {rF++ MR+} melds into your body.
Your cursed +4 ring of intelligence melds into your body.
You feel less resistant to hostile enchantments.
You feel stupid. x2
Uhlv's ghost misses you.
The siren chants a haunting song.
You are unaffected.
The water nymph flows with the water.
The siren chants a haunting song.
You are unaffected.
The water nymph points at you and mumbles some strange words.
The water rises up and strikes you!
You die...

≈≈≈≈....#......≈≈##.##..≈≈≈≈≈≈ ≈
.≈≈≈≈≈≈......≈....≈###...≈≈≈≈≈≈ ≈
≈≈≈≈≈≈≈≈≈..≈≈≈..≈≈####m..≈≈≈≈≈≈
≈≈≈≈≈≈≈≈≈..≈...^.)≈≈..≈≈≈≈≈≈≈≈≈
≈≈≈≈≈≈≈≈≈........=...≈≈≈≈≈≈≈≈≈≈≈
≈≈≈≈≈≈≈≈≈≈.....≈≈≈.Wm≈≈≈≈≈≈≈≈≈≈
≈≈.≈≈≈≈≈≈≈≈≈≈≈..≈≈..≈≈≈≈≈≈≈≈≈≈≈
≈≈≈≈≈≈≈≈≈≈≈≈≈≈..≈...##.≈≈≈≈≈≈≈≈≈≈
≈≈≈≈≈≈≈≈≈≈≈..≈≈≈b≈..#..≈≈≈≈≈≈≈≈≈
≈≈≈≈≈≈≈≈≈≈≈..≈≈≈≈≈≈...≈≈≈≈≈≈≈≈≈ ≈
≈≈≈≈))≈≈≈≈≈≈.≈≈≈≈≈≈≈≈≈≈≈≈≈≈≈≈≈≈≈≈
≈≈≈))≈≈≈≈≈≈≈≈≈≈≈≈≈≈.≈≈≈≈≈≈≈≈≈≈≈ ≈
≈≈≈)≈.≈≈≈≈≈≈≈≈≈.≈≈≈≈≈P≈≈≈≈≈≈≈≈≈≈≈
≈≈≈≈...≈≈≈≈≈≈...≈≈≈≈≈P.P≈≈≈≈≈≈≈
≈≈≈≈.##≈≈.≈≈≈..≈≈≈≈≈≈.P≈≈≈≈≈≈≈≈,≈
≈≈≈≈.#.≈≈.≈≈≈....≈..PP≈≈≈≈≈≈≈≈≈ ≈
≈≈≈.....≈≈≈≈≈...≈≈≈≈P≈P≈≈≈≈≈≈≈≈


You could see a water nymph, a siren and Uhlv's ghost.

Vanquished Creatures
  Nikola (Snake:3)
  Rupert (Lair:3)
  A kraken (Shoals:2)
  Kirke (Lair:8)
  3 greater nagas
  A frost giant (IceCv)
  An orc warlord (Orc:4)
  Aizul (Snake:3)
  Louise (Snake:3)
  3 ghouls
  A stone giant (Orc:3)
  Nessos (Lair:8)
  A dire elephant (Lair:8)
  The ghost of simples the Severer, a journeyman MiFi of the Shining One (Orc:4)
  2 merfolk javelineers (Shoals:3)
  Snorg (D:13)
  Josephine (Shoals:1)
  A fire dragon (Lair:8)
  A merfolk impaler (Shoals:3)
  6 hydras
  8 naga warriors
  A merfolk avatar (Shoals:2)
  9 anacondas
  An alligator snapping turtle (Shoals:2)
  The ghost of Uhlv the Protected, a novice MiBe of Trog (D:10)
  A merfolk aquamancer (Shoals:3)
  3 tengu warriors (D:14)
  2 ogre magi
  An orc high priest (Orc:4)
  A satyr (Shoals:3)
  12 death yaks
  2 centaur warriors
  4 shock serpents
  A sun demon (Lair:7)
  A deep elf knight (D:13)
  17 naga sharpshooters
  Nergalle (Orc:1)
  2 salamander mystics
  6 skeletal warriors
  A wizard (Lair:8)
  A deep troll (D:15)
  9 sea snakes
  4 orc knights
  5 unseen horrors
  7 naga ritualists
  3 orc sorcerers
  6 harpies
  The ghost of cada the Changer, a novice NaTm of Cheibriados (D:7)
  10 hill giants
  8 mana vipers
  A sixfirhy (Lair:8)
  12 ugly things
  12 fauns
  12 manticores
  5 cyclopes
  5 sirens
  16 salamanders
  8 water nymphs
  2 guardian serpents
  3 orange demons (Lair:8)
  32 elephants
  12 griffons
  4 centaur zombies
  Psyche (D:8)
  39 black mambas
  A smoke demon (Lair:8)
  A gargoyle (D:13)
  20 naga magi
  18 spiny frogs
  A kobold demonologist (D:10)
  11 komodo dragons
  A yaktaur (shapeshifter) (D:15)
  6 yaktaurs
  2 blue devils (Lair:8)
  2 red devils (Lair:8)
  2 tengu conjurers (D:15)
  A deep elf priest (D:13)
  A fire drake (Lair:8)
  14 polar bears
  A guardian mummy (D:15)
  20 blink frogs
  20 merfolk
  3 wind drakes
  Grinder (D:4)
  4 two-headed ogres
  2 snapping turtles (Shoals:1)
  A boulder beetle (Lair:7)
  8 slime creatures (D:14)
  4 trolls
  A spriggan (D:8)
  77 yaks
  5 deep elf magi
  4 wraiths
  A trapdoor spider (D:15)
  9 water elementals
  6 basilisks
  A deep elf fighter (D:13)
  7 wyverns
  Grum (D:8)
  A steam dragon (Lair:7)
  9 hippogriffs
  3 mottled dragons
  4 wargs
  28 wolves
  10 porcupines
  46 nagas
  4 vampire mosquitoes (D:13)
  4 hungry ghosts
  18 water moccasins
  Purgy (Sewer)
  2 hell hounds (Lair:8)
  3 sky beasts
  The ghost of ZiggyStardust the Skirmisher, an amateur DrFi (D:3)
  4 black bears
  35 orc warriors
  An eye of draining (D:13)
  5 ice beasts
  3 phantoms
  20 ogres
  A big kobold (D:10)
  10 crocodiles
  13 centaurs
  22 giant frogs
  A brain worm (Lair:4)
  A gnoll sergeant (D:7)
  A wyvern zombie (D:15)
  A scorpion (D:9)
  A water moccasin skeleton (D:6)
  6 electric eels
  2 crimson imps
  2 giant frog zombies
  3 jellies
  27 orc priests
  4 centaur skeletons
  7 iguanas
  9 hounds
  38 orc wizards
  10 worker ants
  14 sheep
  A mummy (D:15)
  A hound zombie (D:8)
  A hound skeleton (D:5)
  2 worker ant zombies
  15 adders
  12 gnolls
  4 shadow imps
  50 river rats
  2 oozes
  An adder zombie (D:8)
  6 worms
  4 giant geckos
  193 orcs
  4 ball pythons
  10 bats
  6 giant cockroaches
  13 hobgoblins
  17 jackals
  A ball python skeleton (D:4)
  A giant gecko skeleton (D:5)
  13 giant newts
  8 goblins
  14 kobolds
  9 quokkas
  A quokka zombie (D:5)
  12 rats
1356 creatures vanquished.

Vanquished Creatures (collateral kills)
  Vashnia (Snake:3)
  3 greater nagas
  An ettin (D:15)
  A naga warrior (Snake:1)
  A merfolk aquamancer (Shoals:1)
  An ogre mage (Orc:2)
  A naga sharpshooter (Snake:3)
  A shock serpent (Snake:3)
  2 skeletal warriors
  A hill giant (D:10)
  2 mana vipers
  A naga mage (Snake:3)
  A centaur skeleton (D:13)
  A two-headed ogre (Orc:4)
  A deep elf fighter (D:13)
  Edmund (D:6)
  2 nagas
  4 ogres
  3 orc warriors
  A giant frog skeleton (D:13)
  An orc wizard (Orc:4)
  A shadow imp (D:5)
  An adder skeleton (D:6)
  3 orcs
36 creatures vanquished.

Vanquished Creatures (others)
  4 dancing weapons
  6 humans (Lair:8)
  A bush (Lair:7)
  74 fungi
  37 plants
  4 tentacles (Shoals:2)
  73 tentacle segments (Shoals:2)
199 creatures vanquished.

Grand Total: 1591 creatures vanquished

Notes
Turn   | Place    | Note
--------------------------------------------------------------
     0 | D:1      | FortyThree the Vampire Enchanter began the quest for the Orb.
     0 | D:1      | Reached XP level 1. HP: 13/13 MP: 3/3
   385 | D:1      | Reached XP level 2. HP: 19/19 MP: 5/5
   540 | D:1      | Learned a level 2 spell: Ensorcelled Hibernation
  1129 | D:1      | Reached skill level 5 in Hexes
  1303 | D:1      | Reached skill level 5 in Stealth
  1747 | D:2      | Reached XP level 3. HP: 24/24 MP: 6/6
  2367 | D:2      | Found a shattered altar of Ashenzari.
  2376 | D:2      | Became a worshipper of Ashenzari the Shackled
  2755 | D:2      | Learned a level 3 spell: Confuse
  2861 | D:2      | Reached XP level 4. HP: 21/30 MP: 1/7
  2968 | D:2      | Reached skill level 6 in Stealth
  4208 | D:2      | Reached XP level 5. HP: 35/35 MP: 3/9
  4304 | D:2      | Learned a level 3 spell: Tukima's Dance
  4379 | D:3      | Noticed ZiggyStardust's ghost (amateur DrFi)
  4668 | D:3      | Killed ZiggyStardust's ghost
  4668 | D:3      | Reached skill level 7 in Stealth
  4729 | D:3      | Reached XP level 6. HP: 32/42 MP: 6/10
  4830 | D:3      | Reached skill level 1 in Fighting
  5678 | D:3      | Found a glowing silver altar of Zin.
  5898 | D:4      | Found a sacrificial altar of Ru.
  5969 | D:4      | Found a basalt altar of Yredelemnul.
  5969 | D:4      | Found a stormy altar of Qazlal.
  5970 | D:4      | Found a white marble altar of Elyvilon.
  6023 | D:4      | Noticed Grinder
  6036 | D:4      | Killed Grinder
  6036 | D:4      | Reached skill level 9 in Stealth
  6036 | D:4      | Reached XP level 7. HP: 47/51 MP: 7/11
  6758 | D:5      | Entered Level 5 of the Dungeon
  7113 | D:5      | HP: 1/52 [orc/whip (6)]
  7750 | D:5      | Reached skill level 10 in Stealth
  8112 | D:5      | Reached * piety under Ashenzari
  8668 | D:5      | Reached XP level 8. HP: 51/61 MP: 12/12
  9161 | D:6      | Reached skill level 11 in Stealth
  9439 | D:6      | Found a staircase to the Ecumenical Temple.
  9483 | D:6      | Found a glowing drain.
  9487 | Sewer    | Entered a sewer
  9568 | Sewer    | Noticed Purgy
  9572 | Sewer    | Killed Purgy
  9572 | Sewer    | Reached skill level 5 in Fighting
  9766 | D:6      | Noticed Edmund
  9778 | D:6      | Killed Edmund
 10330 | D:6      | Reached skill level 12 in Stealth
 11143 | D:7      | Reached XP level 9. HP: 68/68 MP: 7/13
 11217 | D:7      | Noticed cada's ghost (novice NaTm)
 11246 | D:7      | Reached ** piety under Ashenzari
 11264 | D:7      | Reached skill level 13 in Stealth
 11352 | D:7      | Reached skill level 5 in Short Blades
 11538 | D:7      | Killed cada's ghost
 11538 | D:7      | Reached skill level 14 in Stealth
 11556 | D:7      | Found a glowing golden altar of the Shining One.
 11678 | D:8      | Found a staircase to the Lair.
 11689 | D:7      | Reached skill level 5 in Dodging
 11747 | D:8      | Noticed Psyche
 11758 | D:8      | Killed Psyche
 11844 | D:8      | Reached skill level 15 in Stealth
 11952 | D:8      | Reached XP level 10. HP: 64/74 MP: 6/14
 11974 | D:8      | Noticed Grum
 11990 | D:8      | Killed Grum
 13496 | D:8      | Reached skill level 16 in Stealth
 13877 | D:9      | Noticed a hill giant
 13884 | D:9      | Killed a hill giant
 14365 | D:9      | Reached *** piety under Ashenzari
 14365 | D:9      | Found a deep blue altar of Sif Muna.
 14368 | D:9      | Reached skill level 17 in Stealth
 14786 | D:10     | Entered Level 10 of the Dungeon
 14786 | D:10     | Noticed a hill giant
 14790 | D:10     | Killed a hill giant
 14795 | D:10     | Noticed Uhlv's ghost (novice MiBe)
 14820 | D:10     | Killed Uhlv's ghost
 14820 | D:10     | Reached XP level 11. HP: 63/80 MP: 6/15
 15016 | D:10     | Noticed a hill giant
 15021 | D:10     | Noticed an unseen horror
 15044 | D:10     | Killed an unseen horror
 15049 | D:10     | Killed a hill giant
 15301 | D:10     | Found a sparkling altar of Nemelex Xobeh.
 15945 | D:10     | Noticed an unseen horror
 15989 | D:10     | Killed an unseen horror
 15989 | D:10     | Reached skill level 18 in Stealth
 16155 | D:10     | Noticed a soul eater
 16537 | D:10     | Found a staircase to the Orcish Mines.
 17146 | Lair:1   | Entered Level 1 of the Lair of Beasts
 17360 | Lair:1   | Reached skill level 19 in Stealth
 17369 | Lair:1   | Identified a scroll of acquirement
 17372 | Lair:1   | Identified the Papyrus of Confrontation and Malediction (You acquired it on level 1 of the Lair of Beasts)
 18140 | Lair:2   | Reached **** piety under Ashenzari
 18946 | Lair:2   | Reached XP level 12. HP: 76/94 MP: 11/16
 20395 | Lair:3   | Noticed Rupert
 20397 | Lair:3   | Killed Rupert
 20397 | Lair:3   | Reached skill level 10 in Fighting
 20397 | Lair:3   | Reached skill level 5 in Spellcasting
 20649 | Lair:3   | Reached skill level 10 in Dodging
 21025 | Lair:4   | Found a frozen archway.
 21030 | IceCv    | Entered an ice cave
 21475 | IceCv    | Reached XP level 13. HP: 103/103 MP: 9/23
 22361 | IceCv    | Noticed a frost giant
 22365 | IceCv    | Killed a frost giant
 22424 | IceCv    | Identified the +4 spear "Joidaceh" {freeze, *Noise *Confuse MR+ Int+8}
 22842 | Lair:4   | Reached skill level 1 in Ice Magic
 23137 | Lair:4   | Reached ***** piety under Ashenzari
 23560 | Lair:5   | Found a staircase to the Snake Pit.
 26131 | Lair:6   | Reached XP level 14. HP: 111/111 MP: 26/26
 26161 | Lair:6   | Found a staircase to the Shoals.
 27275 | Lair:7   | Reached ****** piety under Ashenzari
 27375 | Lair:7   | Found a staircase to the Slime Pits.
 28630 | Lair:8   | Entered Level 8 of the Lair of Beasts
 28671 | Lair:8   | Noticed Kirke
 28674 | Lair:8   | Killed Kirke
 29613 | Lair:8   | Reached skill level 15 in Dodging
 30142 | Lair:8   | Noticed Nessos
 30157 | Lair:8   | Killed Nessos
 30157 | Lair:8   | Reached skill level 1 in Armour
 30197 | Lair:8   | Found a burning altar of Makhleb.
 30943 | Lair:7   | Reached XP level 15. HP: 122/122 MP: 18/27
 31915 | Lair:6   | Learned a level 3 spell: Dazzling Spray
 31930 | Lair:7   | Reached skill level 5 in Armour
 32533 | Lair:8   | Found a gateway to Hell.
 32931 | Lair:3   | Reached skill level 1 in Conjurations
 33154 | Orc:1    | Entered Level 1 of the Orcish Mines
 33359 | Orc:1    | Noticed Nergalle
 33366 | Orc:1    | Killed Nergalle
 34546 | Orc:3    | Found a staircase to the Elven Halls.
 35344 | Orc:4    | Entered Level 4 of the Orcish Mines
 35440 | Orc:4    | Noticed simples's ghost (journeyman MiFi)
 35463 | Orc:4    | Killed simples's ghost
 36258 | Orc:4    | Found a roughly hewn altar of Beogh.
 36465 | Orc:4    | Found Gab Itun's Antique Weapon Shop.
 36541 | Orc:4    | Found Izaiplef's General Store.
 36571 | Orc:4    | Found Imahef's Jewellery Shop.
 36647 | Orc:4    | Bought a potion of heal wounds for 75 gold pieces
 36680 | Orc:4    | Found Nyicwid's Antique Armour Shop.
 36691 | Orc:4    | Bought a glowing helmet for 108 gold pieces
 36734 | Orc:4    | Bought the ring "Qeci Laq" {rF++ MR+} for 693 gold pieces
 36919 | Orc:4    | Found a roughly hewn altar of Beogh.
 36926 | Orc:4    | Found a roughly hewn altar of Beogh.
 37604 | D:11     | Learned a level 5 spell: Summon Mana Viper
 38081 | D:11     | Reached skill level 1 in Summonings
 39146 | D:13     | Noticed Snorg
 39154 | D:13     | Killed Snorg
 39559 | D:13     | Found a burning altar of Makhleb.
 39559 | D:13     | Noticed an Executioner
 39834 | D:13     | Found a gate to the Vaults.
 40701 | D:14     | Reached XP level 16. HP: 129/129 MP: 25/28
 40785 | D:14     | Identified the +2 leather armour "Vucsegiur" {rC+ Int+4 SInv}
 40855 | D:14     | Reached skill level 10 in Hexes
 41512 | D:15     | Entered Level 15 of the Dungeon
 41523 | D:15     | Reached skill level 10 in Armour
 42957 | D:15     | Found a staircase to the Depths.
 43253 | D:15     | Found Xiwehyob's Antique Weapon Boutique.
 43679 | D:15     | Found a white marble altar of Elyvilon.
 44170 | Snake:1  | Entered Level 1 of the Snake Pit
 45091 | Snake:1  | Identified the +9 shortbow of Qisycsore {velocity, Int+2 SInv Stlth+}
 46227 | Snake:2  | Reached XP level 17. HP: 138/138 MP: 26/29
 50172 | Snake:3  | Noticed Nikola
 50177 | Snake:3  | Killed Nikola
 50193 | Snake:3  | Noticed Vashnia
 50213 | Snake:2  | Identified Biocisch's Catalogue of Fetching Arcane Weapons (You acquired it on level 2 of the Snake Pit)
 50221 | Snake:2  | Learned a level 6 spell: Invisibility
 50846 | Snake:3  | Noticed Louise
 50853 | Snake:3  | Killed Louise
 51097 | Shoals:1 | Entered Level 1 of the Shoals
 51110 | Shoals:1 | Noticed Josephine
 51146 | Shoals:1 | Killed Josephine
 52508 | Shoals:1 | Noticed WereVolvo's ghost (veteran HOWn)
 52882 | Shoals:1 | Reached skill level 15 in Fighting
 54445 | Snake:3  | Learned a level 2 spell: Repel Missiles
 55511 | Snake:3  | Noticed Aizul
 55518 | Snake:3  | Killed Aizul
 56433 | Snake:3  | Killed Vashnia
 56433 | Snake:3  | Reached XP level 18. HP: 64/149 MP: 22/30
 57315 | Snake:4  | Entered Level 4 of the Snake Pit
 61698 | Shoals:3 | Found Laam Qof's Gadget Emporium.
 62061 | Shoals:3 | Noticed Uhlv's ghost (adept MiBe)
 62154 | Shoals:3 | Killed from afar by a water nymph

Action                   |  1- 3 |  4- 6 |  7- 9 | 10-12 | 13-15 | 16-18 || total
-------------------------+-------+-------+-------+-------+-------+-------++-------
Melee: Dagger            |   119 |   216 |   275 |   540 |  1526 |  1110 ||  3786
       Unarmed           |       |       |       |     1 |       |       ||     1
 Cast: Ensorcelled Hiber |     9 |    30 |    74 |   199 |   506 |   515 ||  1333
       Confuse           |       |     5 |     5 |    22 |    58 |    50 ||   140
       Tukima's Dance    |       |       |     4 |     5 |    11 |    28 ||    48
       Dazzling Spray    |       |       |       |       |    36 |    45 ||    81
       Summon Mana Viper |       |       |       |       |       |    32 ||    32
       Invisibility      |       |       |       |       |       |    11 ||    11
       Repel Missiles    |       |       |       |       |       |     2 ||     2
 Abil: Bat Form          |       |       |     1 |     3 |     5 |     3 ||    12
       End Transformatio |       |       |     1 |     3 |     5 |     2 ||    11
Evoke: Wand              |       |       |       |       |    13 |       ||    13
  Use: Scroll            |     1 |       |    15 |     5 |    25 |    12 ||    58
       Potion            |       |       |     4 |       |     2 |     4 ||    10
 Stab: Sleeping          |    15 |    37 |    72 |   136 |   357 |   284 ||   901
       Confused          |       |     4 |     2 |     9 |    31 |    22 ||    68
       Distracted        |       |       |     1 |    11 |    16 |    23 ||    51
       Invisible         |       |       |       |       |    22 |    54 ||    76
  Eat: Corpse            |       |     2 |     2 |     3 |       |     4 ||    11
